AoeStats
← Hobab

Arena

509055862Analyzed
2v2 RM · 8d ago on Sep 25, 2026· 32m 8s· 4 players
Game mode
Random Map
Map size
Medium (4 player)
Population
200
Speed
Normal
Resources
Standard
Victory
Conquest
Starting age
Dark Age
Ending age
Imperial Age
RankedLock teamsTeams togetherTeam positionsShared explorationLock speedFull tech treeHidden civsTurbo modeCheats
Victory
Defeat
🇫🇮 Cumans · Finland
1125
+16
🇵🇱 Armenians · Poland
1110
+16
🇹🇼 Khmer · Taiwan
1150
-17
🇹🇼 Turks · Taiwan
1089
-15
Bodziu
0:27 Loom
11:23 Feudal Age
13:14 Man-at-Arms
15:14 Long Swordsman
17:32 Arson
19:53 Scale Mail Armor
20:32 Pikeman
26:29 Castle Age
27:01 Two-Handed Swordsman
27:47 Horse Collar
29:01 Squires
29:43 Chain Mail Armor
32:03 Forging
Hobab
3:06 Loom
13:32 Feudal Age
16:44 Double-Bit Axe
23:07 Castle Age
23:20 Capped Ram
30:00 Imperial Age
27:30 Fletching
28:38 Bodkin Arrow
29:47 Padded Archer Armor
32:18 Leather Archer Armor
想改甚麼就改甚麼
3:47 Loom
11:01 Feudal Age
17:03 Castle Age
14:52 Horse Collar
14:59 Double-Bit Axe
16:00 Forging
16:49 Scale Barding Armor
17:30 Bloodlines
24:54 Wheelbarrow
29:45 Bow Saw
Wade Wang
11:46 Feudal Age
10:06 Loom
12:19 Loom
14:48 Castle Age
17:35 Double-Bit Axe
17:32 Horse Collar
18:30 Stone Mining
22:09 Bow Saw
Connection lost

Rejoining the realm…

Still unreachable

The connection could not be restored.

Session expired

The server has moved on; the page needs a fresh start.